 Dungeon Crawl Stone Soup version 0.31.0-11-ge490571c62 (webtiles) character file.

Game seed: 5887142426173343947

576 qw the Skirmisher (level 7, -5/40 HPs)
             Began as a Deep Elf Hunter on Feb 4, 2024.
             Slain by a gnoll sergeant
             ... wielding a +0 spear
              (9 damage)
             ... on level 5 of the Dungeon.
             The game lasted 00:00:19 (3883 turns).

qw the Skirmisher (Deep Elf Hunter)                 Turns: 3883, Time: 00:00:20

Health: -5/40      AC:  6    Str: 10    XL:     7   Next: 13%
Magic:  9/9        EV: 11    Int: 14    God:
Gold:   342        SH:  0    Dex: 18    Spells: 6/6 levels left

rFire   . . .        a - +0 shortbow
rCold   . . .        (shield currently unavailable)
rNeg    . . .        k - +0 ring mail
rPois   .            c - +1 hat
rElec   .            (no cloak)
rCorr   .            (no gloves)
SInv    .            (no boots)
Will    +....        (no amulet)
Stlth   +            n - ring of willpower
HPRegen 0.26/turn    (no ring)
MPRegen 0.11/turn

%: no passive effects
@: no status effects
A: no striking features
a: no special abilities


You were on level 5 of the Dungeon.
You visited 1 branch of the dungeon, and saw 5 of its levels.

You collected 370 gold pieces.
You spent 28 gold pieces at shops.


   Skills:
 - Level 2.2 Fighting
 + Level 10.8 Ranged Weapons
 - Level 3.1 Dodging
 - Level 1.2 Stealth


You had 6 spell levels left.
You didn't know any spells.
Your spell library was empty.

Inventory:

Hand Weapons
 a - a +0 shortbow (weapon)
Armour
 c - a +1 hat (worn)
 k - a +0 ring mail (worn)
Jewellery
 d - a ring of ice
 n - a ring of willpower (left hand)
Potions
 b - a potion of attraction {unknown}
 g - 2 potions of curing
 j - a potion of enlightenment

Dungeon Overview and Level Annotations

Branches:
Dungeon (5/15)
 Temple: D:4-7

Altars:
Okawaru
The Shining One

Shops:
D:1 ?


Message History

You shoot an arrow. The arrow hits the gnoll!
You kill the gnoll!
The gnoll sergeant hits you from afar with a +0 spear!
The gnoll hits you from afar with a +0 halberd!
You shoot an arrow.
The arrow hits the gnoll sergeant but does no damage.
The gnoll sergeant is lightly wounded.
The gnoll sergeant barely misses you. The gnoll closely misses you.
You shoot an arrow.
The arrow closely misses the gnoll sergeant.
The gnoll sergeant hits you but does no damage.
The gnoll closely misses you.
You shoot an arrow.
The arrow hits the gnoll sergeant but does no damage.
The gnoll sergeant is lightly wounded.
The gnoll sergeant hits you but does no damage.
The gnoll misses you.
You shoot an arrow.
The arrow hits the gnoll sergeant but does no damage.
The gnoll sergeant is lightly wounded.
You shoot an arrow.
The arrow closely misses the gnoll sergeant.
The gnoll sergeant barely misses you. The gnoll closely misses you.
You shoot an arrow. The arrow hits the gnoll sergeant!
The gnoll sergeant is heavily wounded.
The gnoll sergeant barely misses you. The gnoll barely misses you.
You shoot an arrow.
The arrow hits the gnoll sergeant but does no damage.
The gnoll sergeant is heavily wounded.
The gnoll sergeant hits you from afar with a +0 spear.
The gnoll hits you from afar with a +0 halberd.
You shoot an arrow. The arrow hits the gnoll sergeant.
The gnoll sergeant is severely wounded.
The gnoll sergeant hits you from afar with a +0 spear.
The gnoll closely misses you.
You shoot an arrow.
The arrow hits the gnoll sergeant but does no damage.
The gnoll sergeant is severely wounded.
The gnoll sergeant hits you from afar with a +0 spear!
You die...

### ### ###.# ###.##
##...#
###....####%...#####
###.......#...##.##.<.
#....@......####......
#...g).......# #......
#.....g.......#
#......
..............#
#......
..............#
#.......
.............##
#.......
#..........###
#....... ...!....####
#.......


You could see a gnoll sergeant and a gnoll.

Vanquished Creatures
  An ogre (D:4)
  A howler monkey (D:5)
  3 bombardier beetles
  A hound (D:5)
  2 orc priests
  An iguana (D:2)
  2 orc wizards
  3 gnolls (D:5)
  5 adders
  2 ribbon worms
  3 dart slugs
  12 orcs
  10 endoplasms
  2 giant cockroaches
  11 goblins
  6 hobgoblins (D:3)
  7 kobolds
  4 quokkas
  10 ball pythons
  6 bats
  5 frilled lizards
  4 rats
101 creatures vanquished.

Vanquished Creatures (others)
  An orc wizard (D:5)
1 creature vanquished.

Grand Total: 102 creatures vanquished

Notes
Turn   | Place    | Note
-------+----------+-------------------------------------------
     0 | D:1      | qw the Deep Elf Hunter began the quest for the Orb.
     0 | D:1      | Reached XP level 1. HP: 12/12 MP: 3/3
     0 | D:1      | 0 ||| qw: Version: 0.3-a-160-g6735b56
     0 | D:1      | 0 ||| qw: Game counter: 5015
     0 | D:1      | 0 ||| qw: Melee chars always use a shield: true
     0 | D:1      | 0 ||| qw: God list: Okawaru
     0 | D:1      | 0 ||| qw: Allow faded altars: false
     0 | D:1      | 0 ||| qw: Do Orc after clearing Dungeon:15 true
     0 | D:1      | 0 ||| qw: Do second Lair branch before Depths: true
     0 | D:1      | 0 ||| qw: Lair rune preference: random
     0 | D:1      | 0 ||| qw: Goals: Normal
     0 | D:1      | 0 ||| PLANNING D:1-11
   192 | D:1      | Found a faded altar of an unknown god.
   213 | D:1      | Found Cytzar's Magic Scroll Shoppe.
   219 | D:1      | 219 ||| BUYING scroll of identify (28 gold).
   219 | D:1      | Bought a scroll of identify for 28 gold pieces
   474 | D:1      | Reached skill level 6 in Ranged Weapons
   474 | D:1      | Reached XP level 2. HP: 16/16 MP: 4/4
   828 | D:1      | 828 ||| READING scroll of identify.
   828 | D:1      | 828 ||| IDENTIFYING puce potion
   829 | D:1      | 829 ||| READING scroll labelled VOFOIXIDEUNKO.
   832 | D:1      | 832 ||| DROPPING scroll of butterflies.
   851 | D:2      | Found a glowing golden altar of the Shining One.
   965 | D:2      | Reached XP level 3. HP: 19/20 MP: 5/5
  1203 | D:2      | Reached skill level 7 in Ranged Weapons
  1474 | D:2      | Reached XP level 4. HP: 23/25 MP: 6/6
  1555 | D:2      | 1555 ||| UPGRADING to +0 ring mail.
  1565 | D:2      | 1565 ||| DROPPING +0 leather armour.
  1566 | D:2      | 1566 ||| READING scroll of identify.
  1566 | D:2      | 1566 ||| IDENTIFYING viscous golden potion
  1567 | D:2      | 1567 ||| READING scroll labelled VAMNA DEPU.
  1568 | D:2      | 1568 ||| READING scroll labelled OQEMIA MAUROHUVEPT.
  1612 | D:2      | 1612 ||| READING scroll labelled PIOMAI DUG UGIMENI.
  1725 | D:3      | 1725 ||| STAIRDANCE
  1760 | D:3      | 1760 ||| STAIRDANCE
  1817 | D:3      | 1817 ||| STAIRDANCE
  1856 | D:3      | 1856 ||| STAIRDANCE
  1876 | D:3      | Reached skill level 8 in Ranged Weapons
  1888 | D:3      | HP: 4/25 [something/magic dart (6)]
  1894 | D:3      | Reached XP level 5. HP: 3/29 MP: 7/7
  1902 | D:3      | 1902 ||| STAIRDANCE
  2721 | D:3      | 2721 ||| UPGRADING to +1 hat.
  2726 | D:3      | 2726 ||| UPGRADING to ring of willpower.
  2727 | D:3      | 2727 ||| READING 2 scrolls of identify.
  2727 | D:3      | 2727 ||| IDENTIFYING fuming sapphire potion
  2728 | D:3      | 2728 ||| READING scroll of identify.
  2728 | D:3      | 2728 ||| IDENTIFYING glowing sapphire potion
  2729 | D:3      | 2729 ||| READING scroll labelled OTEGOA ECKISHO.
  2730 | D:3      | 2730 ||| READING scroll labelled IMONUKKOO ZONUHI.
  2731 | D:3      | 2731 ||| DRINKING 2 emerald potions.
  2732 | D:3      | 2732 ||| DROPPING potion of magic.
  2733 | D:3      | 2733 ||| DROPPING potion of ambrosia.
  2734 | D:3      | 2734 ||| DROPPING potion of brilliance.
  2736 | D:3      | 2736 ||| Stepping ~*~*~tactically~*~*~ (cloud).
  2904 | D:4      | Reached skill level 9 in Ranged Weapons
  3088 | D:4      | Reached XP level 6. HP: 35/35 MP: 8/8
  3305 | D:4      | Found an iron altar of Okawaru.
  3364 | D:4      | 3364 ||| READING 2 scrolls of identify.
  3364 | D:4      | 3364 ||| IDENTIFYING fuming yellow potion
  3365 | D:4      | 3365 ||| READING scroll of identify.
  3365 | D:4      | 3365 ||| IDENTIFYING 3 scrolls labelled AMENTE ZOTZ
  3366 | D:4      | 3366 ||| DROPPING 3 scrolls of blinking.
  3415 | D:5      | Entered Level 5 of the Dungeon
  3441 | D:5      | Reached skill level 10 in Ranged Weapons
  3506 | D:5      | Reached skill level 3 in Dodging
  3683 | D:5      | 3683 ||| FLEEEEING.
  3684 | D:5      | 3684 ||| FLEEEEING.
  3685 | D:5      | 3685 ||| FLEEEEING.
  3686 | D:5      | 3686 ||| FLEEEEING.
  3687 | D:5      | 3687 ||| FLEEEEING.
  3688 | D:5      | 3688 ||| FLEEEEING.
  3698 | D:5      | 3698 ||| FLEEEEING.
  3699 | D:5      | 3699 ||| FLEEEEING.
  3700 | D:5      | 3700 ||| FLEEEEING.
  3701 | D:5      | 3701 ||| FLEEEEING.
  3702 | D:5      | 3702 ||| FLEEEEING.
  3703 | D:5      | 3703 ||| FLEEEEING.
  3704 | D:5      | 3704 ||| FLEEEEING.
  3705 | D:5      | 3705 ||| FLEEEEING.
  3706 | D:5      | 3706 ||| FLEEEEING.
  3707 | D:5      | 3707 ||| FLEEEEING.
  3708 | D:5      | 3708 ||| FLEEEEING.
  3709 | D:5      | 3709 ||| FLEEEEING.
  3710 | D:5      | 3710 ||| FLEEEEING.
  3711 | D:5      | 3711 ||| FLEEEEING.
  3716 | D:5      | 3716 ||| FLEEEEING.
  3717 | D:5      | 3717 ||| FLEEEEING.
  3718 | D:5      | 3718 ||| FLEEEEING.
  3769 | D:5      | Reached XP level 7. HP: 29/40 MP: 9/9
  3869 | D:5      | HP: 7/40 [gnoll sergeant/+0 spear (5)]
  3870 | D:5      | 3870 ||| DRINKING 2 potions of heal wounds.
  3873 | D:5      | 3873 ||| DRINKING potion of heal wounds.
  3874 | D:5      | HP: 10/40 [gnoll/+0 halberd[a gnoll sergeant] (9)]
  3881 | D:5      | HP: 5/40 [gnoll/+0 halberd[a gnoll sergeant] (6)]
  3883 | D:5      | Slain by a gnoll sergeant

Levels and vault maps discovered:
D:1:      beargit_arrival_diablo_church, layout_basic, serial_shops, shop,
          shapermc_ecumenical_altar_pompeii, corexii_leaking_fountain
D:2:      layout_basic, basic_altar
D:3:      layout_basic, hangedman_feature_mirror, minmay_goblin_kobold_house
D:4:      layout_basic, nicolae_overflow_hidden_temple
D:5:      layout_cave_pods, minmay_temple_entry_junction, serial_shops, shop

Skill      XL: |  1  2  3  4  5  6 |
---------------+-------------------+-----
Ranged Weapons | 6 7 8 9 10 | 10.8
Fighting       | 2 |  2.2
Dodging        | 3 |  3.1
Stealth        | |  1.2

Action                     |  1- 3 |  4- 6 |  7- 9 || total
---------------------------+-------+-------+-------++-------
   Fire: Shortbow          |    90 |   269 |    31 ||   390
    Use: Scroll            |     2 |    10 |       ||    12
         Potion            |       |     1 |     2 ||     3
 Armour: Leather armour    |     5 |       |       ||     5
         Ring mail         |       |   100 |    26 ||   126
  Dodge: Dodged            |    11 |    75 |    24 ||   110

Table legend:
 A = Non-vault XP
 B = Vault XP
 C = Vault XP percentage of total XP
 D = Non-vault monster count
 E = Vault monster count
 F = Vault count percentage of total count
                 A         B        C        D         E       F
            +---------+---------+-------+---------+---------+-------
      Total |     798 |      26 |   3.2 |      89 |      13 |  12.7
            +---------+---------+-------+---------+---------+-------
        D:1 |      24 |       0 |   0.0 |      16 |       0 |   0.0
        D:2 |     105 |       0 |   0.0 |      26 |       0 |   0.0
        D:3 |     116 |      26 |  18.3 |      17 |      13 |  43.3
        D:4 |     235 |       0 |   0.0 |      12 |       0 |   0.0
        D:5 |     318 |       0 |   0.0 |      18 |       0 |   0.0
            +---------+---------+-------+---------+---------+-------
